 Dungeon Crawl Stone Soup version 0.31-a0-182-gc5ef74bbde (webtiles) character file.

Game seed: 13947164751969429164

1886 bobo the Magician (level 8, -11/48 HPs)
             Began as a Deep Elf Earth Elementalist on June 20, 2023.
             Was a Follower of Vehumet.
             Shot with a bolt by an orc warrior (18 damage)
             ... on level 7 of the Dungeon.
             The game lasted 00:18:55 (6644 turns).

bobo the Magician (Deep Elf Earth Elementalist)     Turns: 6644, Time: 00:18:55

Health: -11/48     AC:  4    Str:  5    XL:     8   Next: 92%
Magic:  16/21      EV: 13    Int: 23    God:    Vehumet [*.....]
Gold:   252        SH:  0    Dex: 21    Spells: 12/22 levels left

rFire   + . .        m - +1 dagger (flame)
rCold   . . .        (no shield)
rNeg    . . .        u - +1 robe {rF+}
rPois   .            (no helmet)
rElec   .            r - scarf {+Inv}
rCorr   .            c - +0 pair of gloves
SInv    .            (no boots)
Will    .....        (no amulet)
Stlth   +++          g - +6 ring of dexterity
HPRegen 0.28/turn    (no ring)
MPRegen 0.17/turn

%: no passive effects
@: no status effects
A: no striking features
a: Renounce Religion, Evoke Invisibility


You were on level 7 of the Dungeon.
You worshipped Vehumet.
Vehumet was aware of your devotion.
You visited 2 branches of the dungeon, and saw 8 of its levels.

You collected 252 gold pieces.

Inventory:

Hand Weapons
 m - a +1 dagger of flaming (weapon)
Missiles
 v - a throwing net
Armour
 c - a +0 pair of gloves (worn)
 h - a +0 buckler
 r - a scarf of invisibility (worn)
 u - a +1 robe of fire resistance (worn)
Magical Staves
 i - a staff of cold
Jewellery
 d - a ring of fire
 g - a +6 ring of dexterity (left hand)
Scrolls
 a - a scroll of enchant weapon {unknown}
 b - a scroll of enchant armour {unknown}
 e - a scroll of vulnerability {unknown}
 o - 2 scrolls of fear {unknown}
 p - a scroll of revelation {unknown}
 s - a scroll of silence {unknown}
 t - 4 scrolls of identify {unknown}
 w - 2 scrolls of teleportation
 x - a scroll of poison {unknown}
Potions
 f - 3 potions of curing
 j - a potion of degeneration {unknown}
 k - a potion of invisibility {unknown}
 l - a potion of cancellation {unknown}
 n - 2 potions of mutation {unknown}
 q - 3 potions of haste {unknown}
 z - a potion of magic


   Skills:
 + Level 4.6 Fighting
 - Level 2.4 Dodging
 - Level 3.0 Stealth
 + Level 1.3 Shields
 - Level 7.5 Spellcasting
 + Level 5.8 Conjurations
 - Level 1.9 Transmutations
 + Level 7.0 Earth Magic


You had 12 spell levels left.
You knew the following spells:

 Your Spells              Type           Power      Damage    Failure   Level
a - Sandblast             Erth           82%        2d17      1%          1
p - Petrify               Tmut/Erth      29%        N/A       11%         4
s - Stone Arrow           Conj/Erth      76%        3d11      1%          3
w - Passwall              Tmut/Erth      24%        N/A       1%          2

Your spell library contained the following spells:

 Spells                   Type           Power      Damage    Failure   Level
 Kiss of Death            Conj/Necr      88%        2d12      2%          1


Dungeon Overview and Level Annotations

Branches:
Dungeon (7/15)             Temple (1/1) D:5

Altars:
Ashenzari
Cheibriados
Dithmenos
Fedhas
Kikubaaqudgha
Makhleb
Nemelex Xobeh
Okawaru
Qazlal
Ru
Sif Muna
Trog
Uskayaw
Vehumet
Wu Jian
Xom
Yredelemnul
Zin
The Shining One


Message History

There is a stone staircase leading up here.
An orc wizard comes into view. It is wielding a +0 dagger.
The blast of sand hits the orc wizard!!
You kill the orc wizard!
Vehumet accepts your kill.
You feel your power returning.
An orc priest comes into view. It is wielding a +0 club.
Casting: Sandblast (safe; 1% risk of failure)
Confirm with . or Enter, or press ? or * to list all spells.
Aiming: Stone Arrow (safe; 1% risk of failure)
Press: ? - help, Shift-Dir - straight line, f - orc priest
Aim: an orc priest, wielding a +0 club (74% to hit)
The stone arrow misses the orc priest.
You hear a shout!
An orc priest comes into view. It is wielding a +0 morningstar.
Casting: Stone Arrow (safe; 1% risk of failure)
Confirm with . or Enter, or press ? or * to list all spells.
Aiming: Stone Arrow (safe; 1% risk of failure)
Press: ? - help, Shift-Dir - straight line, f/p - orc priest
Aim: an orc priest, wielding a +0 club (74% to hit)
The stone arrow hits the orc priest!
The orc priest is almost dead.
An orc warrior comes into view.
It is wielding a +0 flail and wearing a +2 plate armour of fire resistance.
The blast of sand hits the orc priest!
You kill the orc priest!
Vehumet accepts your kill.
The orc priest invokes the aid of Beogh against you.
Beogh smites you!
Unknown command.
The orc warrior unwields a +0 flail.
The orc warrior wields a +0 arbalest.
The orc warrior shoots a bolt.
The bolt hits you!
The orc warrior shoots a bolt.
The bolt hits you!
* * * LOW HITPOINT WARNING * * *
It was a potion of curing.
You feel better.
The orc warrior shoots a bolt.
The bolt hits you!
* * * LOW HITPOINT WARNING * * *
You feel better.
The orc warrior shoots a bolt.
The bolt hits you!
* * * LOW HITPOINT WARNING * * *
You feel better.
The orc warrior shoots a bolt.
The bolt hits you!!
You die...

#o#####
)#... o..
#)# #.# #.#
#.#
#o##########
#......@..<#
############


You could see an orc warrior.

Vanquished Creatures
  Pikel (D:4)
  A water moccasin (D:6)
  An ogre (D:5)
  2 lemures (Temple)
  2 phantoms
  Blork the orc (D:5)
  A bullfrog (D:6)
  A gnoll sergeant (D:5)
  2 scorpions
  3 hounds
  2 gnoll boudas (D:6)
  2 jellies
  5 orc priests
  2 sleepcaps
  2 iguanas
  2 orc wizards
  14 gnolls
  10 adders
  A worm (D:5)
  A dart slug (D:5)
  13 orcs
  9 ball pythons
  5 bats
  7 endoplasms
  3 giant cockroaches
  3 goblins
  A hobgoblin (D:4)
  7 jackals
  3 quokkas
  3 frilled lizards
  10 kobolds
  6 rats
126 creatures vanquished.

Notes
Turn   | Place    | Note
-------+----------+-------------------------------------------
     0 | D:1      | bobo the Deep Elf Earth Elementalist began the quest for
                  | the Orb.
     0 | D:1      | Reached XP level 1. HP: 10/10 MP: 6/6
   196 | D:1      | Reached XP level 2. HP: 16/16 MP: 6/8
   200 | D:1      | Learned a level 2 spell: Passwall
   698 | D:1      | Reached XP level 3. HP: 20/20 MP: 8/10
  1072 | D:2      | You fall into a shaft and drop 1 floor!
  1077 | D:3      | Learned a level 3 spell: Stone Arrow
  1086 | D:3      | Reached skill level 1 in Fighting
  1526 | D:2      | Found a faded altar of an unknown god.
  1532 | D:2      | Reached XP level 4. HP: 25/25 MP: 7/11
  1538 | D:2      | Learned a level 4 spell: Petrify
  1747 | D:2      | Found a shadowy altar of Dithmenos.
  2051 | D:2      | Reached skill level 1 in Conjurations
  2976 | D:4      | Reached XP level 5. HP: 30/30 MP: 11/13
  3454 | D:5      | Entered Level 5 of the Dungeon
  3454 | D:5      | Noticed Pikel
  3454 | D:5      | Noticed a lemure
  3454 | D:5      | Noticed a lemure
  3454 | D:5      | Noticed a lemure
  3454 | D:5      | Noticed a lemure
  3507 | D:5      | Noticed an ogre
  3510 | D:5      | Found a staircase to the Ecumenical Temple.
  3510 | D:5      | Noticed a phantom
  3514 | D:5      | Killed a phantom
  3515 | D:5      | Reached skill level 5 in Spellcasting
  3515 | D:5      | Reached XP level 6. HP: 32/36 MP: 7/15
  3523 | Temple   | Entered the Ecumenical Temple
  3634 | Temple   | Became a worshipper of Vehumet
  3662 | D:5      | Noticed Blork the orc
  3872 | D:5      | Reached skill level 5 in Earth Magic
  4012 | D:5      | Reached XP level 7. HP: 40/40 MP: 10/17
  4106 | D:4      | Killed Pikel
  4198 | D:5      | Reached XP level 8. HP: 48/48 MP: 3/20
  4440 | D:5      | Killed Blork the orc
  4779 | D:6      | Reached skill level 5 in Conjurations
  5038 | D:6      | Reached * piety under Vehumet
  5038 | D:6      | Offered knowledge of Kiss of Death by Vehumet.
  5607 | D:6      | Found a bloodstained altar of Trog.
  6010 | D:6      | Found a burning altar of Makhleb.
  6025 | D:6      | Reached skill level 1 in Shields
  6642 | D:7      | HP: 2/48 [orc warrior/bolt (13)]
  6644 | D:7      | Shot with a bolt by an orc warrior

Illustrated notes

Levels and vault maps discovered:
D:1:      ncdulo_halloftheorcs, layout_basic
D:2:      layout_loops_corners, basic_altar,
          hellmonk_ecumenical_altar_dog_temple, minmay_misc_feat_square,
          minmay_domino_2
D:3:      layout_loops_ring, chequers_serial_rivers_small_a,
          kennysheep_small_spiral, minmay_between
D:4:      layout_loops_ring
D:5:      layout_rooms, minmay_temple_entry_overgrown, uniq_blork_the_orc,
          uniq_pikel
D:6:      layout_layer_cave, bloody_trog, nicolae_overflow_crystal_walls
D:7:      layout_basic, mainiacjoe_overflow_tiny_flanked, worms_lemuel
Temple:   compressed_dpeg_triangle_lava_temple

Skill      XL: |  1  2  3  4  5  6  7  8 |
---------------+-------------------------+-----
Fighting       | 1 2 3 4 |  4.6
Stealth        | 3 |  3.0
Conjurations   | 1 2 3 4 5 |  5.8
Spellcasting   | 4 5 6 7 |  7.5
Earth Magic    | 4 5 6 7 |  7.0
Shields        | 1 |  1.3
Dodging        | |  2.4
Transmutations | |  1.9

Action                     |  1- 3 |  4- 6 |  7- 9 || total
---------------------------+-------+-------+-------++-------
  Melee: Dagger            |     1 |       |       ||     1
   Cast: Sandblast         |    49 |    55 |    24 ||   128
         Stone Arrow       |       |    15 |    49 ||    64
         Petrify           |       |       |     4 ||     4
    Use: Scroll            |       |     3 |       ||     3
         Potion            |       |       |     4 ||     4
 Armour: Robe              |     7 |     1 |     2 ||    10
  Dodge: Dodged            |    12 |     8 |     6 ||    26

Table legend: (Time is in decaauts)
 A = Elapsed time spent in this place.
 B = Non-inter-level travel time spent in this place.
 C = Inter-level travel time spent in this place.
 D = Time resting spent in this place.
 E = Time spent auto-exploring this place.
 F = Levels seen in this place.
 G = Mean time per level.
                   A        B        C        D        E       F      G
               +--------+--------+--------+--------+--------+-----+--------+
         Total |   6715 |   6432 |    283 |    712 |   4580 |   8 |  839.4 |
       Dungeon |   6433 |   6167 |    266 |    583 |   4494 |   7 |  919.0 |
        Temple |    281 |    264 |     17 |    129 |     86 |   1 |  281.0 |
               +--------+--------+--------+--------+--------+-----+--------+

Top non-repeatable levels by time:
     D:6: 1621 daAuts
     D:2: 1028 daAuts
     D:1: 1023 daAuts
     D:5: 997 daAuts
     D:4: 959 daAuts
     D:3: 775 daAuts
  Temple: 281 daAuts
     D:7: 29 daAuts
